AoeStats
← MattAtArms

Arabia

506902521Analyzed
1v1 RM · 17d ago on Sep 15, 2026· 42m 21s· 2 players
Game mode
Random Map
Map size
Tiny (2 player)
Population
200
Speed
Normal
Resources
Standard
Victory
Conquest
Starting age
Dark Age
Ending age
Imperial Age
RankedLock teamsTeams togetherTeam positionsShared explorationLock speedFull tech treeHidden civsTurbo modeCheats
Victory
Defeat
🇩🇪 Teutons · Germany
1817
+22
🇬🇧 Gurjaras · United Kingdom
1960
-22
manteldon
6:02 Loom
8:48 Feudal Age
9:13 Man-at-Arms
15:28 Double-Bit Axe
23:47 Castle Age
22:17 Horse Collar
24:15 Fletching
23:51 Crossbowman
25:21 Bodkin Arrow
29:26 Wheelbarrow
29:52 Bow Saw
30:28 Scale Barding Armor
37:43 Imperial Age
36:13 Bloodlines
38:48 Chain Barding Armor
38:39 Forging
38:09 Cavalier
39:28 Hand Cart
42:07 Plate Barding Armor
42:19 Scale Mail Armor
42:55 Iron Casting
42:22 Squires
MattAtArms
6:26 Loom
8:11 Feudal Age
7:39 Loom
9:18 Double-Bit Axe
18:49 Fletching
21:06 Castle Age
19:43 Fletching
22:04 Scale Barding Armor
23:50 Bow Saw
28:12 Horse Collar
36:08 Wheelbarrow
39:46 Imperial Age
38:29 Hand Cart
38:45 Scale Mail Armor
38:57 Forging
39:41 Chain Barding Armor
40:24 Chain Mail Armor
41:01 Iron Casting
41:02 Plate Barding Armor
41:12 Bloodlines
41:19 Town Watch
Connection lost

Rejoining the realm…

Still unreachable

The connection could not be restored.

Session expired

The server has moved on; the page needs a fresh start.